 Dungeon Crawl Stone Soup version 0.27.0-65-ge2af304b15 (webtiles) character file.

Game seed: 10498424170112566651

109 canonizer the Chopper (level 4, 0/29 HPs)
             Began as a Gargoyle Berserker on Aug 18, 2021.
             Was a Believer of Trog.
             Slain by a worm (9 damage)
             ... on level 3 of the Dungeon.
             The game lasted 00:02:13 (1736 turns).

canonizer the Chopper (Gargoyle Berserker)          Turns: 1736, Time: 00:02:13

Health: 0/29       AC:  5    Str: 21    XL:     4   Next: 89%
Magic:  4/4        EV: 12    Int:  8    God:    Trog [**....]
Gold:   130        SH:  0    Dex:  9    Spells: 3/3 levels left

rFire    . . .     SeeInvis .   a - +0 hand axe
rCold    . . .     Faith    .   (no shield)
rNeg     + . .     Spirit   .   b - +0 animal skin
rPois    ∞         Reflect  .   (no helmet)
rElec    +         Harm     .   (no cloak)
rCorr    .         Rampage  .   (no gloves)
Will     .....                  (no boots)
Stlth    +.........             (no amulet)
HPRegen  0.09/turn              (no ring)
MPRegen  0.09/turn              (no ring)

@: no status effects
A: sickness immunity, AC +3, negative energy resistance 1, electricity
resistance, torment resistance 1, petrification resistance
a: Renounce Religion, Berserk, Trog's Hand


You were on level 3 of the Dungeon.
You worshipped Trog.
Trog was pleased with you.
You visited 1 branch of the dungeon, and saw 3 of its levels.

You collected 130 gold pieces.

Inventory:

Hand Weapons
 a - a +0 hand axe (weapon)
Armour
 b - a +0 animal skin (worn)
Scrolls
 e - 2 scrolls of teleportation {unknown}
 f - a scroll of blinking {unknown}
Potions
 d - a potion of resistance {unknown}
 g - a potion of flight {unknown}
 h - a potion of heal wounds {unknown}


   Skills:
 + Level 3.8 Fighting
 + Level 3.9 Axes
 + Level 2.4 Armour
 + Level 2.4 Dodging
 + Level 1.0 Stealth


You had 3 spell levels left.
You didn't know any spells.
Your spell library was empty.

Dungeon Overview and Level Annotations

Branches:
Dungeon (3/15)

Altars:

Portals:
Sewer: D:3


Innate Abilities, Weirdness & Mutations

You are immune to sickness and miasma.
Your stone body is resilient. (AC +3)
You are immune to poison.
You resist negative energy. (rN+)
You are resistant to electric shocks. (rElec)
You are resistant to unholy torment.
You are immune to petrification.


Message History

You closely miss the rat. The rat barely misses you.
You completely miss the rat. The rat completely misses you.
You hit the rat.
You kill the rat!
Trog accepts your kill.
You hit the rat.
The rat is heavily wounded.
The rat bites you but does no damage.
You hit the rat.
You kill the rat!
Trog accepts your kill.
You hit the worm.
The worm is lightly wounded.
The worm closely misses you.
You slash the worm!
The worm is heavily wounded.
You hit the worm.
The worm is heavily wounded.
The worm misses you.
You barely miss the worm.
The worm is heavily wounded.
The worm bites you.
You hit the worm but do no damage.
The worm is moderately wounded.
You hit the worm.
The worm is heavily wounded.
You hear the slow rusting of a drain.
The worm misses you.
You barely miss the worm.
The worm is moderately wounded.
You hit the worm.
The worm is heavily wounded.
The worm misses you.
You slash the worm!
The worm is severely wounded.
The worm bites you!
You barely miss the worm.
The worm is severely wounded.
The worm bites you!
You die...

*.#.....,,,,,,** **
*#.!.#..,,,..,,* ,*
##.....#######,* ,*
#......#≈≈≈≈≈#,*
,****#...#.#≈≈∩≈≈#,*
,,,* *#..#.#≈≈≈≈≈*,*#
.#.####..#.#≈≈≈≈≈*,.#
...........###'###..#
..<####.#......w@...#
,*** #.#...#######.#
** #.##### **,* * #.#
*****,,** #.#
*,,,,,,,* #.#
*,*****,* *###**#.#
*,* *,*
,,...##.######)***
*,*
***#.#.........,,*
*,*


You could see a worm.

Vanquished Creatures
  4 gnolls (D:3)
  A worm (D:3)
  3 dart slugs
  3 endoplasms
  4 giant cockroaches
  5 goblins
  4 hobgoblins
  2 jackals (D:2)
  5 kobolds
  3 quokkas (D:3)
  8 ball pythons
  8 bats
  3 frilled lizards
  5 rats
58 creatures vanquished.

Vanquished Creatures (others)
  2 plants (D:3)
2 creatures vanquished.

Grand Total: 60 creatures vanquished

Notes
Turn   | Place    | Note
-------+----------+-------------------------------------------
     0 | D:1      | canonizer the Gargoyle Berserker began the quest for the
                  | Orb.
     0 | D:1      | Reached XP level 1. HP: 14/14 MP: 1/1
   282 | D:1      | Reached XP level 2. HP: 14/19 MP: 2/2
   368 | D:1      | Found a faded altar of an unknown god.
   897 | D:2      | Reached XP level 3. HP: 21/23 MP: 3/3
   995 | D:2      | Reached ** piety under Trog
  1659 | D:3      | Reached XP level 4. HP: 29/29 MP: 4/4
  1664 | D:3      | Reached skill level 1 in Stealth
  1696 | D:3      | Found a glowing drain.
  1736 | D:3      | Slain by a worm

Illustrated notes

Levels and vault maps discovered:
D:1:      grunt_arrival_lava_bath, layout_rooms,
          hellmonk_ecumenical_altar_arch_garden, chequers_serial_rivers_large_b,
          st_stairs_13, chequers_serial_rivers_room_b, hangedman_feature_mirror
D:2:      layout_rooms
D:3:      layout_loops_corners, portal_sewer_entry_c, serial_bayou_lagoon_b,
          uniq_sigmund

Skill      XL: |  1  2  3  4 |
---------------+-------------+-----
Axes           | 3 |  3.9
Dodging        | 2 |  2.4
Stealth        | 1 |  1.0
Fighting       | |  3.8
Armour         | |  2.4

Action                   |  1- 3 |  4- 6 || total
-------------------------+-------+-------++-------
Melee: Hand axe          |   137 |    48 ||   185
Invok: Berserk           |     3 |       ||     3
       Trog's Hand       |       |     1 ||     1
  Use: Scroll            |       |     1 ||     1
 Stab: Sleeping          |     1 |       ||     1
Armor: Animal skin       |    74 |     9 ||    83
Dodge: Dodged            |   146 |    29 ||   175
